 Dungeon Crawl Stone Soup version 0.25.1-2-g60ff931df9 (webtiles) character file.

Game seed: 10656532074470922078

41196 Morbidden the Destroyer (level 14, -3/93 HPs)
             Began as an Octopode Conjurer on Aug 8, 2020.
             Was a High Priest of Vehumet.
             Killed from afar by a rime drake (14 damage)
             ... with a flash freeze
             ... on level 5 of the Lair of Beasts.
             The game lasted 01:01:28 (24354 turns).

Morbidden the Destroyer (Octopode Conjurer)        Turns: 24354, Time: 01:01:29

Health: -3/93      AC:  9    Str: 14    XL:     14   Next: 14%
Magic:  12/28      EV: 21    Int: 30    God:    Vehumet [*****.]
Gold:   911        SH: 17    Dex: 12    Spells: 8/33 levels left

rFire    . . .     SeeInvis .   b - +9 staff of Olgreb {rPois∞}
rCold    + . .     Gourm    .   u - +1 kite shield
rNeg     . . .     Faith    .   (helmet restricted)
rPois    ∞         Spirit   .   L - amulet of reflection
rElec    .         Reflect  +   V - +6 ring of intelligence
rCorr    .         Harm     .   C - +6 ring of strength
MR       +++..                  d - ring of Jeytrod {+Fly rC+}
Stlth    +++++.....             J - +4 ring of evasion
HPRegen  0.25/turn              h - ring of protection from magic
MPRegen  0.21/turn              B - +4 ring of protection
                                H - ring of stealth
                                U - +4 ring of protection

@: no status effects
A: almost no armour, stealthy swim, amphibious, 8 rings, constrict 8, camouflage
1, clever 1, magic resistance 1, sense surroundings 1, gelatinous body 1
a: Renounce Religion, Evoke Flight


You were on level 5 of the Lair of Beasts.
You worshipped Vehumet.
Vehumet was extremely pleased with you.
You were hungry.

You visited 3 branches of the dungeon, and saw 17 of its levels.
You also visited: Sewer, Bailey and Gauntlet.

You collected 1643 gold pieces.
You spent 732 gold pieces at shops.

Inventory:

Hand Weapons
 a - a +5 vampiric demon trident
 b - the +9 staff of Olgreb (weapon) {rPois∞}
   (You found it on level 10 of the Dungeon)

   It grants immunity to poison.
Missiles
 y - 36 poisoned darts
 z - 67 boomerangs (quivered)
 T - 15 javelins
Armour
 u - a +1 kite shield (worn)
Jewellery
 d - the ring of Jeytrod (on tentacle) {+Fly rC+}
   (You found it in a Gauntlet)

   [ring of protection from cold]

   It protects you from cold.
   It lets you fly.
 h - a ring of protection from magic (on tentacle)
 k - an uncursed ring of positive energy
 B - a +4 ring of protection (on tentacle)
 C - a +6 ring of strength (right tentacle)
 E - an uncursed ring of positive energy
 H - a ring of stealth (on tentacle)
 J - a +4 ring of evasion (on tentacle)
 L - an amulet of reflection (around mantle)
 R - an uncursed ring of ice
 U - a +4 ring of protection (on tentacle)
 V - a +6 ring of intelligence (left tentacle)
 Y - an uncursed ring of ice
 Z - an uncursed ring of ice
Wands
 c - a wand of clouds (3)
 f - a wand of enslavement (7)
 j - a wand of polymorph (13)
 q - a wand of digging (2)
 r - a wand of random effects (26)
 t - a wand of acid (11)
 A - a wand of paralysis (21)
Scrolls
 e - 13 scrolls of remove curse
 g - a scroll of magic mapping
 l - 2 scrolls of fog
 m - 18 scrolls of identify
 D - 4 scrolls of teleportation
 F - a scroll of blinking
 I - a scroll of enchant armour
Potions
 i - 4 potions of brilliance
 o - 3 potions of haste
 p - 2 potions of stabbing
 s - 2 potions of mutation
 w - 4 potions of heal wounds
 M - a potion of cancellation {unknown}
 O - 2 potions of curing
 P - a potion of berserk rage
 S - a potion of invisibility {unknown}
 W - a potion of resistance
 X - 2 potions of might
Miscellaneous
 n - a tin of tremorstones (1/3)
 v - a phial of floods
 G - a lightning rod (2/4)
 N - a phantom mirror
Comestibles
 Q - 54 rations


   Skills:
 * Level 7.9 Fighting
 + Level 4.0(4.6) Polearms
 + Level 3.3(4.2) Staves
 + Level 2.3 Throwing
 * Level 9.4 Dodging
 + Level 7.5 Stealth
 * Level 9.4 Shields
 + Level 2.8 Unarmed Combat
 * Level 10.3 Spellcasting
 * Level 11.1 Conjurations
 + Level 1.2 Translocations
 + Level 0.1 Transmutations
 + Level 3.3 Fire Magic
 + Level 2.8 Ice Magic
 - Level 5.0 Poison Magic
 + Level 4.4 Evocations


You had 8 spell levels left.
You knew the following spells:

 Your Spells              Type           Power        Failure   Level  Hunger
a - Foxfire               Conj/Fire      ####         1%          1    None
b - Searing Ray           Conj           ######       1%          2    None
c - Frozen Ramparts       Ice            ####..       1%          3    None
d - Spider Form           Tmut/Pois      #####.....   8%          3    None
e - Fireball              Conj/Fire      ######....   2%          5    ###....
f - Iron Shot             Conj/Erth      #####.....   26%         6    #####..
x - Magic Dart            Conj           ####         1%          1    None
z - Iskenderun's Mystic   Conj/Tloc      ######..     1%          4    None

Your spell library contained the following spells:

 Spells                   Type           Power        Failure   Level  Hunger
 Sandblast                Erth           ###...       1%          1    None
 Shock                    Conj/Air       ####         1%          1    None
 Conjure Flame            Conj/Fire      ######..     1%          3    None
 Dazzling Flash           Conj/Hex       #####.       1%          3    None
 Mephitic Cloud           Conj/Pois/Air  ######..     1%          3    None
 Static Discharge         Conj/Air       #####...     1%          3    None
 Stone Arrow              Conj/Erth      #####.       1%          3    None
 Fulminant Prism          Conj/Hex       #####.....   1%          4    None
 Apportation              Tloc           ###...       4%          1    None
 Lightning Bolt           Conj/Air       #####.....   5%          5    ###....
 Blink                    Tloc           N/A          6%          2    None
 Ensorcelled Hibernation  Hex/Ice        ###...       6%          2    None
 Animate Skeleton         Necr           N/A          7%          1    None
 Beastly Appendage        Tmut           ###...       7%          1    None
 Corona                   Hex            ###....      7%          1    None
 Summon Small Mammal      Summ           ###.         7%          1    None
 Sticks to Snakes         Tmut           ###.....     10%         2    None
 Call Imp                 Summ           ###.....     11%         2    None
 Passwall                 Tmut/Erth      ###.....     11%         2    None
 Slow                     Hex            ###.....     11%         2    None
 Swiftness                Chrm/Air       ###.....     11%         2    None
 Airstrike                Air            ###.......   17%         4    None
 Call Canine Familiar     Summ           ###.....     21%         3    None
 Confusing Touch          Hex            ###.....     21%         3    None
 Summon Guardian Golem    Hex/Summ       ###.....     21%         3    None
 Tukima's Dance           Hex            ###.....     21%         3    None
 Ice Form                 Ice/Tmut       ###.....     36%         4    None
 Summon Ice Beast         Ice/Summ       ###.....     36%         4    None
 Lee's Rapid Deconstruct  Erth           ###.......   41%         5    ###....
 Petrify                  Tmut/Erth      ###.....     56%         4    None
 Summon Lightning Spire   Summ/Air       ###.....     56%         4    None
 Blade Hands              Tmut           ###.......   88%         5    ###....


Dungeon Overview and Level Annotations

Branches:
Dungeon (11/15)            Temple (1/1) D:7            Lair (5/6) D:9
 Shoals (0/4) Lair:3        Snake (0/4) Lair:2        Slime (0/5) Lair:5
    Orc (0/2) D:11          Sewer (visited)          Bailey (visited)
Gauntlet (visited)

Altars:
Dithmenos
Fedhas
Gozag
Kikubaaqudgha
Okawaru
Sif Muna
Trog
Uskayaw
Vehumet
Wu Jian
Zin
The Shining One
Beogh
Jiyva

Shops:
D:8 }

Annotations:
D:7 exclusions: door and 1 more exclusion
D:8 2 transporters, wpisznazwe's ghost, novice CeFi
Lair:3 exclusion: 4 oklob plants


Innate Abilities, Weirdness & Mutations

You cannot wear most types of armour.
You are very stealthy in the water. (Stealth+)
You are amphibious.
You can wear up to eight rings at the same time.
You can use your tentacles to constrict eight enemies at once.
Your skin changes colour to match your surroundings (Stealth+).
Your rubbery body absorbs attacks. (AC +1, EV +1)
Your mind is acute. (Int +2)
You are resistant to hostile enchantments. (MR+)
You passively map a small area around you.


Message History

The mystic blast hits the plant.
The plant is lightly damaged.
The mystic blast hits the fungus!
The fungus is moderately damaged.
The mystic blast misses the rime drake.
The mystic blast misses the wyvern.
The mystic blast hits the hippogriff!
You kill the hippogriff!
Vehumet accepts your kill.
You feel your power returning.
The mystic blast hits the wyvern!
You kill the wyvern!
Vehumet accepts your kill.
You feel your power returning.
The rime drake looks as sick as possible!
The wyvern looks as sick as possible!
Your toxic aura wanes.
The wyvern bites you!
* * * LOW HITPOINT WARNING * * *
The rime drake breathes ice at you. The flash freeze hits you!
You partially resist.
You die...

## #.......##............. .#
###...P....#P...P#....#.. ##
#####..#...#..##...####..#...
#####.#............#...#.....<...
..........≈≈≈............≈≈≈≈≈...
..........≈≈≈......P.....≈≈≈≈≈...
..........≈♣≈............≈≈≈≈≈...
..........≈≈≈............≈≈≈≈≈...
...#.#.........k@l.P#..#.........
.........#......††........###.##P
≈..≈≈≈≈....#............#.# #####
≈..≈≈≈≈..P...##.P........## #
≈..≈≈≈≈.................##
≈.......#................#
........#...............##
.P.≈≈≈≈.#...............#
...≈≈≈≈.......##........# ###


You could see a rime drake (extremely poisoned, catching breath) and a wyvern
(extremely poisoned).

Vanquished Creatures
  An orc warlord (Bailey)
  A minotaur (Gauntlet)
  A green death (Gauntlet)
  Fannar (D:11)
  3 hydras
  Erica (Lair:2)
  A two-headed ogre (D:9)
  An obsidian statue (Gauntlet)
  2 orc knights (Bailey)
  Pikel (D:9)
  An ugly thing (D:9)
  A moth of wrath (Gauntlet)
  A cyclops (D:11)
  3 manticores
  2 black mambas
  4 elephants
  4 spiny frogs
  Psyche (D:11)
  4 rime drakes
  6 komodo dragons
  2 queen bees
  A hornet (D:8)
  3 blink frogs (Lair:5)
  14 hippogriffs
  9 wyverns
  6 basilisks
  A human (D:11)
  29 yaks
  Eustachio (D:5)
  A warg (Lair:1)
  9 porcupines
  17 water moccasins
  9 orc warriors
  4 ice beasts
  2 sky beasts
  3 black bears
  26 wolves
  10 centaurs
  4 ogres
  2 phantoms
  5 crocodiles
  2 big kobolds
  A gnoll sergeant (D:2)
  A wyvern zombie (D:7)
  13 bullfrogs
  7 scorpions
  2 water moccasin skeletons
  62 killer bees
  3 wights (D:8)
  2 electric eels (Lair:5)
  8 crimson imps
  2 jellies
  2 bullfrog zombies
  6 hounds
  A bullfrog skeleton (D:4)
  7 orc priests
  3 iguanas
  6 worker ants
  6 orc wizards
  2 hound skeletons (D:10)
  11 gnolls
  16 adders
  A river rat (D:5)
  4 shadow imps
  An ooze (D:1)
  An adder zombie (D:7)
  2 adder skeletons
  3 worms
  A dart slug (D:1)
  A leopard gecko (D:11)
  59 orcs
  3 giant cockroaches
  7 hobgoblins
  5 jackals
  27 kobolds
  4 quokkas
  A ball python (D:2)
  10 bats
  6 frilled lizards
  13 goblins
  A leopard gecko zombie (D:8)
  A quokka skeleton (D:6)
  12 rats
  2 fungi (Lair:5)
526 creatures vanquished.

Vanquished Creatures (others)
  3 slaves (D:9)
  A bullfrog (D:9)
  A howler monkey (D:9)
  A hound (D:9)
  An adder (D:9)
  A leopard gecko (D:9)
  3 orcs (D:9)
  2 kobolds (D:9)
  576 foxfires
  5 fungi
  4 plants (Lair:2)
598 creatures vanquished.

Grand Total: 1124 creatures vanquished

Notes
Turn   | Place    | Note
-------+----------+-------------------------------------------
     0 | D:1      | Morbidden the Octopode Conjurer began the quest for the
                  | Orb.
     0 | D:1      | Reached XP level 1. HP: 11/11 MP: 3/3
   237 | D:1      | Reached XP level 2. HP: 17/17 MP: 1/5
   825 | D:1      | Reached XP level 3. HP: 21/21 MP: 1/6
  1437 | D:2      | Noticed a gnoll sergeant
  2063 | D:2      | Learned a level 2 spell: Searing Ray
  2269 | D:2      | Reached XP level 4. HP: 27/27 MP: 2/7
  2909 | D:2      | HP: 1/27 [gnoll sergeant/+2 vorpal spear (3)]
  3275 | D:2      | Reached skill level 5 in Conjurations
  3398 | D:2      | Killed a gnoll sergeant
  3398 | D:2      | Reached XP level 5. HP: 11/32 MP: 3/9
  3772 | D:3      | Reached skill level 1 in Fighting
  3810 | D:3      | Reached XP level 6. HP: 13/38 MP: 1/10
  5042 | D:4      | Reached skill level 1 in Unarmed Combat
  5049 | D:4      | Reached XP level 7. HP: 30/44 MP: 3/12
  5607 | D:5      | Entered Level 5 of the Dungeon
  5621 | D:5      | Reached skill level 6 in Conjurations
  5856 | D:5      | Noticed Eustachio
  5918 | D:5      | Found a glowing drain.
  5947 | Sewer    | Entered a sewer
  6580 | D:5      | Paralysed by a crimson imp for 5 turns
  6586 | D:5      | Reached XP level 8. HP: 51/51 MP: 9/14
  6714 | D:5      | Killed Eustachio
  7092 | D:6      | Reached skill level 5 in Spellcasting
  7193 | D:6      | Reached skill level 7 in Conjurations
  7612 | D:6      | Reached skill level 1 in Evocations
  7612 | D:6      | Reached XP level 9. HP: 31/57 MP: 13/17
  7624 | D:6      | Learned a level 4 spell: Iskenderun's Mystic Blast
  7838 | D:6      | Identified a scroll of acquirement
  7838 | D:6      | Acquired 680 gold pieces
  7988 | D:6      | Found a glowing silver altar of Zin.
  7994 | D:6      | Reached skill level 1 in Shields
  8365 | D:7      | Found an ancient bone altar of Kikubaaqudgha.
  8367 | D:7      | Found a radiant altar of Vehumet.
  8368 | D:7      | Found a shimmering blue altar of Sif Muna.
  8372 | D:7      | Identified Sif Muna's Collected Works on Curses
  8385 | D:7      | Became a worshipper of Vehumet
  8462 | D:7      | Found an iron altar of Okawaru.
  8702 | D:7      | Reached skill level 8 in Conjurations
  8917 | D:7      | Learned a level 3 spell: Spider Form
  9025 | D:7      | Found a staircase to the Ecumenical Temple.
  9603 | D:7      | Reached skill level 5 in Dodging
  9943 | Temple   | Entered the Ecumenical Temple
 10018 | D:8      | Found a transporter.
 10027 | D:8      | Noticed wpisznazwe's ghost (novice CeFi)
 10040 | D:8      | Found a transporter.
 10062 | D:8      | Found a flagged portal.
 10130 | D:8      | Found an ornate altar of the Wu Jian Council.
 10137 | D:8      | Reached * piety under Vehumet
 10137 | D:8      | Offered knowledge of Foxfire by Vehumet.
 10148 | D:8      | Found a shadowy altar of Dithmenos.
 10153 | D:8      | Found an opulent altar of Gozag.
 10153 | D:8      | Found a blossoming altar of Fedhas.
 10155 | D:8      | Found a bloodstained altar of Trog.
 10162 | D:8      | Found Xuele's Gadget Boutique.
 10168 | D:8      | Bought a wand of clouds (3) for 252 gold pieces
 10168 | D:8      | Bought a tin of tremorstones (3/3) for 480 gold pieces
 10254 | Bailey   | Entered a bailey
 10259 | Bailey   | Noticed an orc warlord
 10296 | Bailey   | Learned a level 1 spell: Foxfire
 10413 | Bailey   | Noticed an orc knight
 10491 | Bailey   | Killed an orc knight
 10491 | Bailey   | Reached skill level 5 in Stealth
 10491 | Bailey   | Reached skill level 1 in Poison Magic
 10705 | Bailey   | Found a runed translucent gate.
 10705 | Bailey   | Found a runed translucent gate.
 10705 | Bailey   | Found a runed translucent gate.
 10720 | Bailey   | Noticed an orc knight
 10784 | Bailey   | Killed an orc knight
 10784 | Bailey   | Reached skill level 1 in Fire Magic
 10784 | Bailey   | Reached XP level 10. HP: 63/63 MP: 2/20
 11108 | Bailey   | Killed an orc warlord
 11108 | Bailey   | Reached skill level 1 in Throwing
 11292 | Bailey   | Acquired a +5 vampiric demon trident
 11296 | Bailey   | Acquired a +4 ring of evasion
 11876 | D:8      | Reached ** piety under Vehumet
 12331 | D:8      | Offered knowledge of Shock by Vehumet.
 12576 | D:8      | Paralysed by a hornet for 3 turns
 12581 | D:8      | HP: 3/65 [poisoned by a hornet]
 12584 | D:8      | Gained mutation: You are resistant to hostile enchantments.
                  | (MR+) [potion of mutation]
 12584 | D:8      | Gained mutation: Your mind is acute. (Int +2) [potion of
                  | mutation]
 12584 | D:8      | Gained mutation: You passively map a small area around you.
                  | [potion of mutation]
 12590 | D:8      | Paralysed by a hornet for 3 turns
 12596 | D:8      | Reached skill level 9 in Conjurations
 12597 | D:8      | Reached skill level 1 in Polearms
 12603 | D:8      | HP: 3/65 [poisoned by a hornet]
 13126 | D:8      | Found a roughly hewn altar of Beogh.
 13809 | D:9      | Noticed Pikel
 13949 | D:9      | Found a staircase to the Lair.
 13949 | D:9      | Noticed a two-headed ogre
 13957 | D:9      | Killed a two-headed ogre
 13957 | D:9      | Offered knowledge of Frozen Ramparts by Vehumet.
 13957 | D:9      | Reached XP level 11. HP: 70/70 MP: 22/22
 13962 | D:9      | Learned a level 3 spell: Frozen Ramparts
 13967 | D:9      | Killed Pikel
 13967 | D:9      | Reached skill level 5 in Fighting
 14467 | D:9      | Noticed a white ugly thing
 14486 | D:9      | Killed a white ugly thing
 14731 | D:9      | Found a bloodstained altar of Trog.
 14800 | D:9      | Reached skill level 5 in Shields
 14804 | D:9      | Reached *** piety under Vehumet
 15400 | D:10     | Entered Level 10 of the Dungeon
 15840 | D:10     | Offered knowledge of Hailstorm by Vehumet.
 16051 | D:10     | Found the +9 staff of Olgreb {rPois∞}
 16101 | D:10     | Reached **** piety under Vehumet
 16102 | D:10     | Offered knowledge of Fireball by Vehumet.
 16343 | D:11     | Noticed Psyche
 16349 | D:11     | Killed Psyche
 16497 | D:11     | Learned a level 5 spell: Fireball
 16684 | D:11     | Noticed Fannar
 16697 | D:11     | Killed Fannar
 16697 | D:11     | Reached skill level 1 in Staves
 16697 | D:11     | Reached XP level 12. HP: 73/78 MP: 2/24
 16835 | D:11     | Reached skill level 10 in Conjurations
 16926 | D:11     | Found a staircase to the Orcish Mines.
 17392 | D:11     | Reached ***** piety under Vehumet
 17399 | D:11     | Offered knowledge of Iron Shot by Vehumet.
 18339 | Lair:1   | Entered Level 1 of the Lair of Beasts
 18648 | Lair:1   | Noticed a seven-headed hydra
 18749 | Lair:1   | Killed a seven-headed hydra
 18903 | Lair:1   | Reached skill level 1 in Ice Magic
 19864 | Lair:1   | Learned a level 6 spell: Iron Shot
 20046 | Lair:2   | Found a staircase to the Snake Pit.
 20054 | Lair:2   | Noticed a four-headed hydra
 20074 | Lair:2   | Killed a four-headed hydra
 20367 | Lair:2   | Reached XP level 13. HP: 82/85 MP: 26/26
 20611 | Lair:2   | Noticed Erica
 20639 | Lair:2   | Killed Erica
 21193 | Lair:3   | Found a staircase to the Shoals.
 21333 | Lair:3   | Reached skill level 10 in Spellcasting
 22254 | Lair:3   | You fall into a shaft and drop 2 floors!
 22267 | Lair:5   | Found a gate leading to a gauntlet.
 22277 | Gauntlet | Entered a Gauntlet
 22277 | Gauntlet | Found a transporter.
 22277 | Gauntlet | Found a transporter.
 22316 | Gauntlet | Found a transporter.
 22334 | Gauntlet | Found a transporter.
 22334 | Gauntlet | Found a transporter.
 22334 | Gauntlet | Found a transporter.
 22336 | Gauntlet | Found a transporter.
 22336 | Gauntlet | Found a transporter.
 22347 | Gauntlet | Found a transporter.
 22363 | Gauntlet | Found a transporter.
 22372 | Gauntlet | Noticed a green death
 22373 | Gauntlet | Found a transporter.
 22390 | Gauntlet | Found a transporter.
 22409 | Gauntlet | Found a transporter.
 22423 | Gauntlet | Found a transporter.
 22737 | Gauntlet | Killed a green death
 22744 | Gauntlet | Got a vibrating wooden ring
 22749 | Gauntlet | Identified the ring of Jeytrod {+Fly rC+} (You found it in
                  | a Gauntlet)
 22761 | Gauntlet | Noticed a minotaur
 22782 | Gauntlet | Killed a minotaur
 23363 | Lair:5   | Reached skill level 11 in Conjurations
 23619 | Lair:5   | Reached XP level 14. HP: 93/93 MP: 28/28
 24218 | Lair:5   | Found a viscous altar of Jiyva.
 24218 | Lair:5   | Found a staircase to the Slime Pits.
 24349 | Lair:5   | Reached skill level 5 in Poison Magic
 24350 | Lair:4   | Reached skill level 1 in Translocations
 24354 | Lair:5   | Killed from afar by a rime drake

Illustrated notes

Levels and vault maps discovered:
D:1:      lightli_arrival_quake, layout_basic
D:2:      layout_loops_corners
D:3:      layout_basic, first_ration, chequers_serial_rivers_micro_c
D:4:      layout_cave_pools
D:5:      layout_rooms, cheibrodos_sewer_entry_sluice, uniq_eustachio
D:6:      layout_rooms, basic_altar, minivault_10
D:7:      minmay_chambers_of_sevens, layout_loops_ring,
          grunt_temple_overflow_magic_moments,
          minmay_temple_entry_statues_fountains, grunt_ogre_cave,
          okawaru_trees_1
D:8:      layout_basic, grunt_temple_overflow_open, serial_shops,
          nicolae_shop_trees, enter_bailey_8, special_room [special_room_orc],
          gammafunk_ghost_mausoleum
D:9:      layout_stronghold, lair_entry_dummy, trog_book, uniq_pikel
D:10:     layout_basic, special_room [special_room_bee]
D:11:     layout_basic, erik_orc_4, lightli_orcish_oven, uniq_fannar,
          uniq_psyche
Temple:   nicolae_temple_great_sept
Lair:1:   beast_lair_carwin_large_1, layout_regular_city,
          cheibrodos_lair_reptile_den
Lair:2:   layout_big_grid, minmay_snake_entry_six_corridors,
          beast_lair_carwin_4, uniq_erica
Lair:3:   hangedman_what_comes_after_a, layout_chaotic_city,
          minmay_shoals_entry_centaurs, st_stairs_3,
          nicolae_lair_grove_arrangements
Lair:4:   layout_roguey [special_room_mythical_zoo],
          chequers_serial_rivers_room_a, serial_bayou_shore_a
Lair:5:   layout_gridlike, dpeg_slime_entry_enclosed_altar,
          gauntlet_entry_generic, infiniplex_staircase_pool_2,
          serial_bayou_shore_b

Skill      XL: |  1  2  3  4  5  6  7  8  9 10 11 12 13 14 |
---------------+-------------------------------------------+-----
Stealth        | 3 4 5 6 7 |  7.5
Conjurations   | 5 6 7 8 9 10 11 | 11.1
Fighting       | 1 2 3 4 5 6 7 |  7.9
Dodging        | 3 4 5 6 7 8 9 |  9.4
Spellcasting   | 3 4 5 6 7 8 9 10 | 10.3
Unarmed Combat | 1 2 |  2.8
Evocations     | 1 2 3 4 |  4.4
Shields        | 3 4 6 7 9 |  9.4
Poison Magic   | 2 3 4 5 |  5.0
Fire Magic     | 1 2 3 |  3.3
Throwing       | 2 |  2.3
Polearms       | 2 3 4 |  4.0
Staves         | 1 3 |  3.3
Ice Magic      | 2 |  2.8
Translocations | 1 |  1.2
Transmutations | |  0.1

Action                   |  1- 3 |  4- 6 |  7- 9 | 10-12 | 13-15 || total
-------------------------+-------+-------+-------+-------+-------++-------
Melee: Unarmed           |    20 |    61 |    88 |    15 |       ||   184
       Constrict         |     9 |    20 |    22 |    34 |    16 ||   101
       Tentacles         |     6 |     9 |    21 |    31 |    26 ||    93
       Punch             |       |       |     1 |     5 |     3 ||     9
       Demon trident     |       |       |       |   116 |     3 ||   119
       Staff             |       |       |       |   121 |   145 ||   266
Throw: Dart              |       |       |    20 |    19 |       ||    39
       Boomerang         |       |       |       |    14 |       ||    14
 Cast: Magic Dart        |    59 |    40 |    80 |    55 |       ||   234
       Searing Ray       |     1 |    18 |    58 |    35 |    22 ||   134
       Foxfire           |       |       |    74 |   217 |    48 ||   339
       Spider Form       |       |       |     1 |     2 |       ||     3
       Iskenderun's Myst |       |       |       |     5 |    10 ||    15
       Frozen Ramparts   |       |       |       |    20 |       ||    20
       Fireball          |       |       |       |     3 |     1 ||     4
Evoke: Wand              |       |       |     3 |     1 |       ||     4
       Phial of floods   |       |       |     1 |       |       ||     1
       Tin of tremorston |       |       |       |     4 |     3 ||     7
       Staff of Olgreb   |       |       |       |    57 |    73 ||   130
       Lightning rod     |       |       |       |       |     4 ||     4
  Use: Scroll            |     2 |     2 |    11 |     6 |     4 ||    25
       Potion            |       |       |     3 |     8 |     2 ||    13
 Stab: Sleeping          |       |     2 |     1 |     9 |     1 ||    13
       Paralysed         |       |       |       |     3 |       ||     3
       Distracted        |       |       |       |     2 |     1 ||     3
  Eat: Chunk             |     4 |    10 |    12 |    28 |     9 ||    63
       Ration            |       |       |     2 |     1 |     2 ||     5
Armor: Skin              |     3 |    11 |     4 |    11 |    41 ||    70
Dodge: Dodged            |    21 |    50 |    75 |   161 |   179 ||   486
Block: Other             |     2 |    19 |    23 |     3 |       ||    47
       Reflection        |       |     1 |    10 |    15 |     9 ||    35
       Buckler           |       |       |    20 |    25 |       ||    45
       Kite shield       |       |       |       |   205 |   253 ||   458
